AoeStats
← Carple

MegaRandom

505582368Analyzed
1v1 RM · 23d ago on Sep 10, 2026· 68m 56s· 2 players
Game mode
Random Map
Map size
Tiny (2 player)
Population
200
Speed
Normal
Resources
Standard
Victory
Conquest
Starting age
Dark Age
Ending age
Imperial Age
RankedLock teamsTeams togetherTeam positionsShared explorationLock speedFull tech treeHidden civsTurbo modeCheats
Victory
Defeat
🇨🇱 Lithuanians · Chile
1310
+15
🇨🇦 Japanese · Canada
1281
-15
Carple
5:17 Loom
10:35 Feudal Age
17:11 Castle Age
18:00 Fletching
21:38 Double-Bit Axe
25:18 Horse Collar
28:27 Squires
30:14 Pikeman
32:30 Forging
32:55 Gambesons
35:23 Scale Mail Armor
36:27 Town Watch
41:08 Bow Saw
42:35 Chain Mail Armor
44:00 Iron Casting
43:42 Arson
45:19 Wheelbarrow
51:07 Imperial Age
49:48 Heavy Plow
51:26 Hand Cart
51:14 Halberdier
53:03 Plate Mail Armor
54:07 Blast Furnace
53:15 Capped Ram
61:21 Stone Mining
61:23 Gold Mining
62:35 Elite Skirmisher
c7
5:36 Loom
9:48 Feudal Age
9:53 Man-at-Arms
17:04 Double-Bit Axe
22:02 Castle Age
21:53 Bloodlines
22:04 Horse Collar
24:22 Scale Barding Armor
27:44 Chain Barding Armor
31:31 Forging
36:08 Wheelbarrow
35:54 Bow Saw
35:52 Town Watch
42:05 Imperial Age
41:56 Light Cavalry
42:39 Husbandry
42:24 Cavalier
43:13 Gold Mining
44:06 Plate Barding Armor
44:43 Conscription
45:46 Iron Casting
50:00 Stone Mining
51:09 Paladin
53:37 Chemistry
54:30 Padded Archer Armor
56:38 Ballistics
56:29 Masonry
59:05 Elite Skirmisher
60:51 Leather Archer Armor
64:27 Ring Archer Armor
63:47 Fletching
65:48 Architecture
68:21 Bodkin Arrow
Connection lost

Rejoining the realm…

Still unreachable

The connection could not be restored.

Session expired

The server has moved on; the page needs a fresh start.